 Dungeon Crawl Stone Soup version 0.30-a0-782-ge64f9170bb (webtiles) character file.

Game seed: 1093791261500422953

280 mopl the Vexing (level 6, -2/32 HPs)
             Began as a Deep Elf Enchanter on Mar 13, 2023.
             Slain by a gnoll sergeant
             ... wielding a +0 spear
              (6 damage)
             ... on level 2 of the Dungeon.
             The game lasted 00:02:46 (1741 turns).

mopl the Vexing (Deep Elf Enchanter)                Turns: 1741, Time: 00:02:47

Health: -2/32      AC:  3    Str:  5    XL:     6   Next: 5%
Magic:  11/15      EV: 12    Int: 22    God:
Gold:   87         SH:  0    Dex: 15    Spells: 7/15 levels left

rFire   . . .      SeeInvis .    a - +1 dagger
rCold   . . .      Faith    .    (no shield)
rNeg    . . .      Spirit   .    b - +0 robe
rPois   .          Reflect  .    (no helmet)
rElec   .          Harm     .    n - +0 cloak
rCorr   .          Rampage  .    (no gloves)
Will    .....                    (no boots)
Stlth   +++                      (no amulet)
HPRegen 0.25/turn                (no ring)
MPRegen 0.14/turn                (no ring)

@: no status effects
A: no striking features
a: no special abilities


You were on level 2 of the Dungeon.
You visited 1 branch of the dungeon, and saw 2 of its levels.

You collected 164 gold pieces.
You spent 77 gold pieces at shops.

Inventory:

Hand Weapons
 a - a +1 dagger (weapon)
Missiles
 l - 4 boomerangs of dispersal
 q - a throwing net
Armour
 b - a +0 robe (worn)
 n - a +0 cloak (worn)
Wands
 h - a wand of flame (14)
Scrolls
 f - 3 scrolls of magic mapping {unknown}
 k - 2 scrolls of identify {unknown}
 m - a scroll of brand weapon {unknown}
 p - a scroll of amnesia {unknown}
Potions
 c - 2 potions of invisibility
 d - 3 potions of cancellation {unknown}
 e - 4 potions of curing
 g - 2 potions of might
 i - a potion of flight {unknown}
 j - a potion of attraction {unknown}
 o - a potion of heal wounds {unknown}


   Skills:
 + Level 3.0 Short Blades
 - Level 2.4 Dodging
 + Level 5.3 Stealth
 + Level 5.0 Spellcasting
 + Level 5.6 Hexes


You had 7 spell levels left.
You knew the following spells:

 Your Spells              Type           Power      Damage    Failure   Level
b - Ensorcelled Hibernat  Hex/Ice        34%        N/A       4%          2
c - Confusing Touch       Hex            30%        N/A       3%          3
d - Tukima's Dance        Hex            30%        N/A       3%          3

Your spell library contained the following spells:

 Spells                   Type           Power      Damage    Failure   Level
 Dazzling Flash           Conj/Hex       34%        N/A       10%         3


Dungeon Overview and Level Annotations

Branches:
Dungeon (2/15)

Altars:

Shops:
D:2 !


Message History

The gnoll looks drowsy...
The helpless gnoll fails to defend itself.
You impale the gnoll!!
You kill the gnoll!
Your Spellcasting skill increases to level 5!
You have reached level 6!
You see here a +0 spear.
A gnoll comes into view. It is wielding a +0 spear.
A gnoll is nearby!
Found a hand axe.
A gnoll comes into view. It is wielding a +0 halberd.
The gnoll shouts!
A gnoll sergeant comes into view. It is wielding a +0 spear.
The gnoll resists with significant effort.
The gnoll hits you but does no damage.
A gnoll comes into view. It is wielding a +0 spear.
The gnoll looks drowsy...
The gnoll shouts!
The helpless gnoll fails to defend itself.
You impale the gnoll!!
You kill the gnoll!
You see here a +0 spear.
The gnoll throws a throwing net.
The throwing net hits you.
You become entangled in the net!
You see here a throwing net.
You struggle against the net.
You struggle against the net.
You struggle against the net.
The gnoll hits you with the +5 woodcutter's axe!
You struggle against the net.
The gnoll sergeant hits you from afar with a +0 spear!
You rip the net and break free!
The gnoll hits you with the +5 woodcutter's axe!
* * * LOW HITPOINT WARNING * * *
The gnoll sergeant completely misses you.
Things that are here:
a +0 club; a +0 flail; a gnoll corpse
There is a stone staircase leading up here.
The gnoll sergeant hits you from afar with a +0 spear.
You die...

###..........#.#
############.######
#......# #.####.#
####### #.####.#
#.....# #....#.#
####.....# #.##.#.#
#........# #.##.#.#
.........# #..@(..#
..##.....# ###g####
..##.##### ##.g#
..##.#### #g).#
........# #g###
..##.##.#### ♣.♣
.....##....#♣♣.♣♣
#.....[..###♣).)♣
#.##.#...# ♣.g.♣


You could see a gnoll sergeant and 3 gnolls.

Vanquished Creatures
  Jessica (D:2)
  4 gnolls (D:2)
  4 dart slugs
  6 ball pythons
  An endoplasm (D:1)
  2 giant cockroaches
  4 hobgoblins
  2 jackals (D:1)
  6 kobolds
  A quokka (D:1)
  4 bats
  6 goblins
  2 rats (D:1)
43 creatures vanquished.

Vanquished Creatures (collateral kills)
  Sigmund (D:2)
  A quokka (D:2)
2 creatures vanquished.

Grand Total: 45 creatures vanquished

Notes
Turn   | Place    | Note
-------+----------+-------------------------------------------
     0 | D:1      | mopl the Deep Elf Enchanter began the quest for the Orb.
     0 | D:1      | Reached XP level 1. HP: 10/10 MP: 6/6
    98 | D:1      | You fall into a shaft and drop 1 floor!
   137 | D:2      | Found Keth's Distillery.
   154 | D:2      | Bought a potion of curing for 33 gold pieces
   163 | D:2      | Bought a potion of might for 44 gold pieces
   319 | D:2      | Reached XP level 2. HP: 15/15 MP: 8/8
   322 | D:2      | Learned a level 2 spell: Ensorcelled Hibernation
   477 | D:1      | Found a faded altar of an unknown god.
   534 | D:1      | Reached skill level 4 in Stealth
   899 | D:1      | Reached XP level 3. HP: 14/19 MP: 2/10
   903 | D:1      | Learned a level 3 spell: Confusing Touch
   907 | D:1      | Learned a level 3 spell: Tukima's Dance
  1311 | D:2      | Noticed Jessica
  1315 | D:2      | Killed Jessica
  1316 | D:2      | Reached skill level 2 in Short Blades
  1320 | D:2      | Noticed Sigmund
  1329 | D:2      | Killed Sigmund
  1330 | D:2      | Reached skill level 5 in Stealth
  1330 | D:2      | Reached skill level 4 in Spellcasting
  1330 | D:2      | Reached skill level 5 in Hexes
  1330 | D:2      | Reached XP level 4. HP: 24/24 MP: 5/12
  1330 | D:2      | Reached XP level 5. HP: 28/28 MP: 5/14
  1666 | D:2      | Reached skill level 3 in Short Blades
  1721 | D:2      | Reached skill level 5 in Spellcasting
  1721 | D:2      | Reached XP level 6. HP: 32/32 MP: 12/15
  1741 | D:2      | Slain by a gnoll sergeant

Illustrated notes

Levels and vault maps discovered:
D:1:      dpeg_arrival_rooms_with_view, layout_loops_corners,
          hellmonk_ecumenical_altar_zigzags
D:2:      layout_loops_cross, serial_shops, shop_coins,
          pf_guarded_unrand_woodcutter, uniq_jessica, uniq_sigmund

Skill      XL: |  1  2  3  4  5 |
---------------+----------------+-----
Stealth        | 4 5 |  5.3
Short Blades   | 2 3 |  3.0
Spellcasting   | 4 5 |  5.0
Hexes          | 5 |  5.6
Dodging        | |  2.4

Action                     |  1- 3 |  4- 6 || total
---------------------------+-------+-------++-------
  Melee: Dagger            |   108 |    19 ||   127
         Punch             |       |     1 ||     1
   Cast: Ensorcelled Hiber |    15 |    10 ||    25
         Tukima's Dance    |     1 |       ||     1
   Stab: Sleeping          |    18 |     7 ||    25
 Armour: Robe              |    19 |     3 ||    22
  Dodge: Dodged            |    85 |    10 ||    95

Table legend: (Time is in decaauts)
 A = Elapsed time spent in this place.
 B = Non-inter-level travel time spent in this place.
 C = Inter-level travel time spent in this place.
 D = Time resting spent in this place.
 E = Time spent auto-exploring this place.
 F = Levels seen in this place.
 G = Mean time per level.
                   A        B        C        D        E       F      G
               +--------+--------+--------+--------+--------+-----+--------+
         Total |   1729 |   1712 |     17 |    163 |   1167 |   2 |  864.5 |
       Dungeon |   1729 |   1712 |     17 |    163 |   1167 |   2 |  864.5 |
               +--------+--------+--------+--------+--------+-----+--------+

Top non-repeatable levels by time:
     D:1: 1035 daAuts
     D:2: 694 daAuts
